AoeStats
← darador86

Hideout

509807818Analyzed
1v1 RM · 5d ago on Sep 28, 2026· 56m 12s· 2 players
Game mode
Random Map
Map size
Tiny (2 player)
Population
200
Speed
Normal
Resources
Standard
Victory
Conquest
Starting age
Dark Age
Ending age
Imperial Age
RankedLock teamsTeams togetherTeam positionsShared explorationLock speedFull tech treeHidden civsTurbo modeCheats
Victory
Defeat
🇦🇷 Huns · Argentina
492
+17
🇨🇴 Khmer · Colombia
503
-17
darador86
11:12 Feudal Age
12:07 Double-Bit Axe
12:19 Gold Mining
13:47 Horse Collar
17:27 Town Watch
18:21 Wheelbarrow
20:45 Castle Age
22:22 Bow Saw
22:15 Heavy Plow
22:31 Husbandry
21:53 Pikeman
22:33 Squires
21:57 Elite Skirmisher
24:17 Wheelbarrow
27:05 Town Patrol
27:20 Hand Cart
28:03 Gold Shaft Mining
27:23 Stone Mining
28:07 Bloodlines
28:14 Forging
32:26 Imperial Age
30:11 Marauders
35:22 Conscription
37:48 Two-Man Saw
38:14 Ballistics
39:00 Chemistry
38:13 Masonry
37:59 Murder Holes
38:47 Scale Barding Armor
39:19 Iron Casting
38:44 Scale Mail Armor
45:19 Chain Barding Armor
45:18 Chain Mail Armor
SapKill
12:11 Feudal Age
10:27 Loom
17:58 Castle Age
16:59 Arson
17:40 Horse Collar
18:25 Double-Bit Axe
20:34 Heavy Plow
23:39 Bow Saw
27:08 Wheelbarrow
31:06 Imperial Age
28:36 Gold Mining
29:28 Forging
29:32 Scale Barding Armor
30:39 Ballistics
31:16 Iron Casting
31:06 Hand Cart
31:43 Gold Shaft Mining
31:23 Husbandry
31:42 Bloodlines
32:27 Crop Rotation
33:37 Town Watch
34:37 Loom
35:40 Cavalier
36:54 Heated Shot
39:12 Chemistry
42:02 Chain Barding Armor
42:52 Blast Furnace
43:54 Siege Engineers
47:13 Plate Barding Armor
46:15 Elite Ballista Elephant
48:36 Double Crossbow
49:02 Padded Archer Armor
51:55 Town Patrol
Connection lost

Rejoining the realm…

Still unreachable

The connection could not be restored.

Session expired

The server has moved on; the page needs a fresh start.